 Dungeon Crawl Stone Soup version 0.27-a0-1046-g98bf31544f (webtiles) character file.

Game seed: 14187732605010273145

121 voltaire321 the Conjurer (level 4, -1/36 HPs)
             Began as a Draconian Conjurer on Apr 19, 2021.
             Killed from afar by Natasha (10 damage)
             ... with a magic dart
             ... on level 2 of the Dungeon.
             The game lasted 00:06:32 (2285 turns).

voltaire321 the Conjurer (Draconian Conjurer)       Turns: 2285, Time: 00:06:33

Health: -1/36      AC:  5    Str:  9    XL:     4   Next: 77%
Magic:  1/8        EV: 12    Int: 19    God:
Gold:   92         SH:  0    Dex: 10    Spells: 5/8 levels left

rFire    . . .     SeeInvis .   j - +0 short sword
rCold    . . .     Faith    .   (no shield)
rNeg     . . .     Spirit   .   (armour unavailable)
rPois    .         Reflect  .   (helmet restricted)
rElec    .         Harm     .   (no cloak)
rCorr    .         Rampage  .   (no gloves)
Will     .....                  (no boots)
Stlth    ++........             (no amulet)
HPRegen  0.12/turn              (no ring)
MPRegen  0.11/turn              (no ring)

@: slowed, very slow
A: AC +5, unfitting armour, cold-blooded
a: no special abilities


You were on level 2 of the Dungeon.
You visited 1 branch of the dungeon, and saw 2 of its levels.

You collected 92 gold pieces.

Inventory:

Hand Weapons
 j - a +0 short sword (weapon)
Missiles
 g - 2 atropa-tipped darts
Scrolls
 a - a scroll of fog {unknown}
 c - 3 scrolls of magic mapping {unknown}
 d - a scroll of brand weapon {unknown}
 e - 2 scrolls of teleportation {unknown}
 f - a scroll of enchant weapon {unknown}
 i - a scroll of identify {unknown}
Potions
 b - a potion of haste {unknown}
 h - a potion of lignification {unknown}


   Skills:
 + Level 2.3 Fighting
 + Level 2.7 Dodging
 - Level 1.7 Stealth
 + Level 2.8 Spellcasting
 + Level 4.6 Conjurations


You had 5 spell levels left.
You knew the following spells:

 Your Spells              Type           Power      Damage    Failure   Level
a - Magic Dart            Conj           80%        1d7       2%          1
b - Searing Ray           Conj           40%        3d4       3%          2

Your spell library contained the following spells:

 Spells                   Type           Power      Damage    Failure   Level
 Dazzling Flash           Conj/Hex       22%        N/A       19%         3
 Fulminant Prism          Conj/Hex       5%         3d7       52%         4
 Iskenderun's Mystic Bla  Conj/Tloc      11%        2d4       52%         4


Dungeon Overview and Level Annotations

Branches:
Dungeon (2/15)

Altars:

Shops:
D:1 (

Annotations:
D:2 1 runed translucent door, Crazy Yiuf, Natasha


Innate Abilities, Weirdness & Mutations

Your plain brown scales are hard. (AC +5)
You cannot fit into any form of body armour.
You are cold-blooded and may be slowed by cold attacks.


Message History

Natasha barely misses you.
You hit Natasha.
Natasha is moderately wounded.
Natasha completely misses you.
Casting: Searing Ray (safe; 3% risk of failure)
Confirm with . or Enter, or press ? or * to list all spells.
Aiming: Searing Ray (safe; 3% risk of failure)
Press: ? - help, Shift-Dir - straight line, f/p - Natasha
Aim: Natasha (moderately wounded, 72% to hit)
The searing ray misses Natasha. (Press . to maintain the ray.) Natasha misses you.
Your magical contamination has completely faded away.
The searing ray hits Natasha.
Natasha is heavily wounded.
Natasha claws you.
The searing ray hits Natasha.
Natasha is severely wounded.
Natasha closely misses you.
You closely miss Natasha.
Natasha is severely wounded.
Natasha casts a spell at you. You resist with some effort.
You miss Natasha.
Natasha is severely wounded.
Natasha claws you!
* * * LOW HITPOINT WARNING * * *
You hit Natasha.
Natasha is almost dead.
Natasha completely misses you.
Natasha stares at you and mumbles some strange words.
You feel yourself slow down.
You hit Natasha but do no damage.
Natasha is almost dead.
Natasha mumbles some strange words.
You barely miss Natasha.
Natasha is almost dead.
Natasha stares at you and mumbles some strange words.
The magic dart hits you!
You die...

...........................>..#
...#....#.##..................#
##.#..#.#.####.###..###.......#
#.#..#.#.# #.# #..###########
##.#.[#.#.####.# #....#
<..............###..#.##
.#..#.#...###..(.......#
..........###.......##.#
.#..#.###......#@#..##.#
.#....# #..##..#h#..##.#
.#..#.# ##.##..5.#..##.#
.#..#.####......[...##.#
........###....#.#.###.##
....#.#.###....#.#.##...#
#...#..........#........#
#...###.###..#.#.#.##h..#
###.###.###..#.#.#.##...######


You could see Natasha and a shadow imp (summoned).

Vanquished Creatures
  Terence (D:2)
  Natasha (twice) (D:2)
  2 adders (D:2)
  2 worms
  A dart slug (D:1)
  2 ball pythons (D:1)
  2 bats (D:1)
  4 endoplasms
  2 hobgoblins (D:1)
  2 quokkas (D:1)
  A frilled lizard (D:2)
  4 rats
25 creatures vanquished.

Notes
Turn   | Place    | Note
-------+----------+-------------------------------------------
     0 | D:1      | voltaire321 the Draconian Conjurer began the quest for the
                  | Orb.
     0 | D:1      | Reached XP level 1. HP: 14/14 MP: 3/3
   373 | D:1      | Reached XP level 2. HP: 22/22 MP: 1/5
   826 | D:1      | Reached skill level 1 in Fighting
  1238 | D:1      | Learned a level 2 spell: Searing Ray
  1277 | D:1      | Found Sophumm's Weapon Boutique.
  1426 | D:2      | Reached XP level 3. HP: 23/28 MP: 1/6
  1513 | D:2      | Found a runed translucent door.
  1514 | D:2      | Noticed Crazy Yiuf
  1800 | D:2      | Noticed Natasha
  1804 | D:2      | Killed Natasha
  1805 | D:2      | Reached XP level 4. HP: 36/36 MP: 1/7
  2040 | D:2      | Noticed Terence
  2100 | D:2      | Killed Terence
  2249 | D:2      | Noticed Natasha
  2263 | D:2      | Killed Natasha
  2269 | D:2      | Noticed Natasha
  2285 | D:2      | Killed from afar by Natasha

Illustrated notes

Levels and vault maps discovered:
D:1:      dpeg_arrival_brainrot, layout_loops_ring, serial_shops, shop,
          hangedman_decor_push, minmay_pentomino_p2
D:2:      layout_basic, uniq_crazy_yiuf_cottage, uniq_terence, uniq_natasha

Skill      XL: |  1  2  3  4 |
---------------+-------------+-----
Dodging        | 2 |  2.7
Fighting       | 1 2 |  2.3
Stealth        | |  1.7
Spellcasting   | |  2.8
Conjurations   | |  4.6

Action                   |  1- 3 |  4- 6 || total
-------------------------+-------+-------++-------
Melee: Unarmed           |    25 |     4 ||    29
       Tailslap          |     3 |     2 ||     5
       Short sword       |       |    11 ||    11
 Cast: Magic Dart        |    51 |       ||    51
       Searing Ray       |     1 |     8 ||     9
Armor: Skin              |     2 |     3 ||     5
Dodge: Dodged            |    13 |    18 ||    31

Table legend: (Time is in decaauts)
 A = Elapsed time spent in this place.
 B = Non-inter-level travel time spent in this place.
 C = Inter-level travel time spent in this place.
 D = Time resting spent in this place.
 E = Time spent auto-exploring this place.
 F = Levels seen in this place.
 G = Mean time per level.
                   A        B        C        D        E       F      G
               +--------+--------+--------+--------+--------+-----+--------+
         Total |   2296 |   2248 |     48 |    847 |   1113 |   2 | 1148.0 |
       Dungeon |   2296 |   2248 |     48 |    847 |   1113 |   2 | 1148.0 |
               +--------+--------+--------+--------+--------+-----+--------+

Top non-repeatable levels by time:
     D:1: 1385 daAuts
     D:2: 911 daAuts
